 Dungeon Crawl Stone Soup version 0.26.0-10-g1f06aea511 (webtiles) character file.

Game seed: 6753518563773324154

18827 night the Warrior (level 12, -3/87 HPs)
             Began as a Gargoyle Monk on Jan 23, 2021.
             Was a High Priest of Wu Jian.
             Slain by Snorg (16 damage)
             ... on level 3 of the Lair of Beasts.
             The game lasted 00:36:02 (15221 turns).

night the Warrior (Gargoyle Monk)                  Turns: 15221, Time: 00:36:03

Health: -3/87      AC: 19    Str: 17    XL:     12   Next: 62%
Magic:  12/12      EV: 15    Int: 14    God:    Wu Jian [*****.]
Gold:   929        SH:  0    Dex: 12    Spells: 5/11 levels left

rFire    . . .     SeeInvis .   a - +2 morningstar (freeze)
rCold    . . .     Faith    .   (no shield)
rNeg     + . .     Spirit   .   X - +0 ring mail (curse)
rPois    ∞         Reflect  .   (no helmet)
rElec    +         Harm     .   E - +0 cloak
rCorr    .         Rampage  .   (no gloves)
Will     .....                  b - +0 pair of boots
Stlth    +.........             f - amulet of magic regeneration
HPRegen  0.24/turn              s - +4 ring of evasion
MPRegen  0.38/turn              S - +4 ring of protection

@: serpent's lash
A: negative energy resistance 1, electricity resistance, unbreathing,
petrification resistance, miasma immunity, AC +8
a: Renounce Religion, Wall Jump, Serpent's Lash, Heavenly Storm


You were on level 3 of the Lair of Beasts.
You worshipped Wu Jian.
Wu Jian was extremely pleased with you.
You visited 2 branches of the dungeon, and saw 13 of its levels.
You also visited: Ossuary.

You collected 929 gold pieces.

Inventory:

Hand Weapons
 a - a +2 morningstar of freezing (weapon)
 C - a +3 shortbow
 J - a +0 war axe
Missiles
 d - 482 stones (quivered)
 D - 103 arrows
Armour
 b - a +0 pair of boots (worn)
 E - a +0 cloak (worn)
 X - a cursed +0 ring mail (worn)
Jewellery
 f - an amulet of magic regeneration (around neck)
 s - a +4 ring of evasion (left hand)
 v - an uncursed ring of resist corrosion
 y - an uncursed ring of fire
 A - an uncursed ring of flight
 G - an uncursed ring of see invisible
 R - an uncursed ring of wizardry
 S - a +4 ring of protection (right hand)
Wands
 x - a wand of flame (27)
 F - a wand of polymorph (19)
 I - a wand of random effects (3)
 K - a wand of disintegration (19)
 V - a wand of acid (10)
Scrolls
 h - 3 scrolls of noise
 i - 2 scrolls of amnesia {unknown}
 j - a scroll of fog {unknown}
 m - 5 scrolls of immolation
 n - 4 scrolls of magic mapping
 r - 7 scrolls of teleportation
 t - a scroll of enchant armour {unknown}
 u - a scroll of brand weapon {unknown}
 w - 2 scrolls of enchant weapon
 z - 4 scrolls of remove curse
 L - 2 scrolls of blinking
 M - a scroll of torment
 P - a scroll of vulnerability {unknown}
 T - 3 scrolls of random uselessness {unknown}
 U - 2 scrolls of identify
 W - a scroll of acquirement {unknown}
Potions
 c - 3 potions of berserk rage
 e - 2 potions of brilliance
 g - 8 potions of curing
 k - a potion of might
 l - 4 potions of degeneration
 q - 5 potions of lignification {unknown}
 B - 5 potions of heal wounds
 H - a potion of magic {unknown}
 N - 4 potions of cancellation
 O - 3 potions of resistance
 Q - a potion of mutation


   Skills:
 + Level 15.1 Fighting
 + Level 14.1 Maces & Flails
 - Level 2.4 Dodging
 - Level 2.1 Stealth
 + Level 2.7 Necromancy


You had 5 spell levels left.
You knew the following spells:

 Your Spells              Type           Power        Failure   Level
a - Death Channel         Necr           3%           100%        6

Your spell library contained the following spells:

 Spells                   Type           Power        Failure   Level
 Animate Skeleton         Necr           14%          17%         1
 Vampiric Draining        Necr           3%           45%         3
 Apportation              Tloc           0%           47%         1
 Corona                   Hex            0%           47%         1
 Sting                    Tmut/Pois      0%           47%         1
 Summon Small Mammal      Summ           0%           47%         1
 Poisonous Vapours        Pois/Air       0%           63%         2
 Conjure Flame            Conj/Fire      0%           85%         3
 Ignite Poison            Fire/Tmut/Pois 0%           85%         3
 Mephitic Cloud           Conj/Pois/Air  0%           85%         3
 Animate Dead             Necr           3%           86%         4
 Dispel Undead            Necr           7%           86%         4
 Olgreb's Toxic Radiance  Pois           0%           99%         4
 Excruciating Wounds      Necr           3%           99%         5
 Borgnjor's Vile Clutch   Necr/Erth      1%           100%        5
 Freezing Cloud           Conj/Ice/Air   0%           100%        6
 Simulacrum               Ice/Necr       1%           100%        6


Dungeon Overview and Level Annotations

Branches:
Dungeon (10/15)            Temple (0/1) D:5            Lair (3/6) D:8
 Shoals (0/4) Lair:3        Snake (0/4) Lair:3      Ossuary (visited)
    Orc: D:9-12

Altars:
Ashenzari
Cheibriados
Elyvilon
Gozag
Hepliaklqana
Makhleb
Okawaru
Qazlal
Trog
Wu Jian
Xom
Zin
Beogh

Portals:
Trove: D:10 (give 6 scrolls of fear)

Annotations:
D:10 1 runed translucent door
Lair:3 Snorg


Innate Abilities, Weirdness & Mutations

You are resistant to torment.
Your stone body is resilient. (AC +8)
You are immune to poison.
You resist negative energy. (rN+)
You are resistant to electric shocks. (rElec)
You can survive without breathing.
You are immune to petrification.
You are immune to miasma.


Message History

The water moccasin barely misses you. Snorg closely misses you. x2
Snorg claws you.
You barely miss Snorg.
Snorg is severely wounded.
The water moccasin barely misses you. Snorg bites you.
Snorg claws you but does no damage. Snorg closely misses you.
You hit Snorg. You freeze Snorg.
Snorg is severely wounded.
The water moccasin barely misses you. Snorg closely misses you.
Snorg claws you but does no damage. Snorg claws you!
The water moccasin misses you. Snorg bites you but does no damage.
Snorg claws you but does no damage. x2
You sock Snorg! You freeze Snorg.
Snorg is severely wounded.
The naga barely misses you. Snorg bites you!
* * * LOW HITPOINT WARNING * * *
Snorg claws you!
* * * LOW HITPOINT WARNING * * *
Snorg claws you!
You die...

#..# ##.
###..####
##.#.#..P#
#.......##.#
#.......+..#
####.......P...
###......†....##.
+..............#
#####P.@..####.#
##ST.## .≈. #.N.#
≈. #...# ##.'#
##......N .#P.♣N.
.# ≈♣ .# .P


You could see Snorg (berserk), a water moccasin and a naga.

Vanquished Creatures
  3 hydras (Lair:1)
  A catoblepas (Lair:3)
  A fire crab (shapeshifter) (D:10)
  A deep elf mage (D:10)
  5 elephants
  2 black mambas
  2 centaur zombies (D:8)
  A gargoyle (D:10)
  5 cane toads
  4 komodo dragons
  A yaktaur (D:10)
  3 blink frogs
  A vampire (D:9)
  5 wyverns
  4 yaks (Lair:2)
  2 basilisks
  6 water moccasins
  6 orc warriors
  A hornet zombie (D:7)
  4 sky beasts
  3 ice beasts
  5 black bears
  3 centaurs
  13 wolves
  5 ogres
  2 big kobolds (D:10)
  A gnoll sergeant (D:10)
  7 bullfrogs
  2 scorpions (D:10)
  A water moccasin skeleton (D:7)
  3 killer bees (D:8)
  12 wights
  An electric eel (Lair:2)
  6 howler monkeys
  2 quasits (D:7)
  9 hounds
  Crazy Yiuf (D:5)
  A jelly (D:7)
  7 orc wizards
  3 orc priests
  2 bullfrog skeletons
  Jessica (D:3)
  2 iguanas
  6 worker ants
  2 hound zombies
  A hound skeleton (D:8)
  11 mummies (Ossuary)
  7 gnolls
  11 adders
  3 shadow imps
  2 white imps
  An ufetubus (D:5)
  2 oozes (D:5)
  An adder zombie (D:7)
  3 worms (D:2)
  3 leopard geckos
  38 orcs
  A ball python (D:1)
  7 bats
  8 giant cockroaches
  10 hobgoblins
  2 jackals (D:3)
  13 kobolds
  5 quokkas
  9 frilled lizards
  9 goblins
  2 goblin skeletons (Ossuary)
  2 kobold skeletons (Ossuary)
  4 orc skeletons (Ossuary)
  A quokka skeleton (D:6)
  5 rats
  11 rat skeletons (Ossuary)
  A butterfly (D:6)
331 creatures vanquished.

Vanquished Creatures (others)
  7 fungi
  13 plants
20 creatures vanquished.

Grand Total: 351 creatures vanquished

Notes
Turn   | Place    | Note
-------+----------+-------------------------------------------
     0 | D:1      | night the Gargoyle Monk began the quest for the Orb.
     0 | D:1      | Reached XP level 1. HP: 14/14 MP: 1/1
   159 | D:1      | Reached XP level 2. HP: 16/19 MP: 2/2
   582 | D:1      | Reached XP level 3. HP: 10/24 MP: 3/3
   585 | D:1      | Reached skill level 4 in Fighting
  1482 | D:2      | Reached XP level 4. HP: 24/30 MP: 4/4
  1636 | D:2      | Found an opulent altar of Gozag.
  1997 | D:2      | Found an ornate altar of the Wu Jian Council.
  2003 | D:2      | Noticed a spectral centipede
  2003 | D:2      | Noticed a spectral black mamba
  2003 | D:2      | Noticed a spectral cane toad
  2004 | D:2      | Became a worshipper of the Wu Jian Council
  2004 | D:2      | Reached * piety under Wu Jian
  2004 | D:2      | Reached ** piety under Wu Jian
  2065 | D:3      | Reached XP level 5. HP: 18/34 MP: 5/5
  2237 | D:2      | Reached skill level 5 in Fighting
  2531 | D:3      | Found a white marble altar of Elyvilon.
  2571 | D:3      | Found a snail-covered altar of Cheibriados.
  2684 | D:3      | Noticed Jessica
  2812 | D:3      | Killed Jessica
  2813 | D:3      | Reached skill level 5 in Maces & Flails
  3049 | D:3      | Reached XP level 6. HP: 40/40 MP: 6/6
  3513 | D:4      | Reached skill level 6 in Fighting
  3860 | D:4      | Noticed a black bear
  3880 | D:4      | Killed a black bear
  3881 | D:4      | Reached XP level 7. HP: 35/47 MP: 7/7
  4232 | D:4      | Reached skill level 7 in Fighting
  4546 | D:5      | Entered Level 5 of the Dungeon
  4666 | D:5      | Found a hazy altar of Hepliaklqana.
  4691 | D:5      | Found a runed translucent door.
  4692 | D:5      | Noticed Crazy Yiuf
  4699 | D:5      | Paralysed by Crazy Yiuf for 3 turns
  4702 | D:5      | Killed Crazy Yiuf
  4702 | D:5      | Reached *** piety under Wu Jian
  4816 | D:5      | Found a staircase to the Ecumenical Temple.
  4833 | D:5      | Reached XP level 8. HP: 41/53 MP: 8/8
  5021 | D:5      | Found a broken altar of Ashenzari.
  5090 | D:5      | Found a stormy altar of Qazlal.
  5695 | D:6      | Reached skill level 8 in Fighting
  6129 | D:6      | Found a shimmering altar of Xom.
  6402 | D:6      | Reached skill level 9 in Fighting
  6535 | D:6      | Reached XP level 9. HP: 60/60 MP: 9/9
  6542 | D:6      | Found a burning altar of Makhleb.
  7219 | D:7      | Reached skill level 10 in Fighting
  7304 | D:7      | Got a faintly glowing long sword
  7304 | D:7      | Identified the +0 long sword "Dokhlosokio" {drain, rPois}
                  | (You found it on level 7 of the Dungeon)
  7512 | D:7      | Reached **** piety under Wu Jian
  8152 | D:7      | Found a glowing silver altar of Zin.
  8193 | D:8      | Found a sand-covered staircase.
  8208 | Ossuary  | Entered an ossuary
  8551 | Ossuary  | Reached ***** piety under Wu Jian
  8613 | D:8      | Reached skill level 10 in Maces & Flails
  8855 | D:8      | Reached skill level 11 in Fighting
  8905 | D:8      | Reached XP level 10. HP: 69/69 MP: 10/10
  9148 | D:8      | Noticed an elephant
  9178 | D:8      | Killed an elephant
  9187 | D:8      | Found a staircase to the Lair.
  9845 | D:9      | Reached skill level 12 in Fighting
 10076 | D:9      | Found a bloodstained altar of Trog.
 10077 | D:9      | Found an iron altar of Okawaru.
 10173 | D:10     | Entered Level 10 of the Dungeon
 10388 | D:10     | Found a portal to a secret trove of treasure.
 10651 | D:10     | Found a roughly hewn altar of Beogh.
 10975 | D:10     | Reached XP level 11. HP: 74/76 MP: 11/11
 11060 | D:10     | Found a white marble altar of Elyvilon.
 11060 | D:10     | Noticed an angel
 11061 | D:10     | Found a runed translucent door.
 11105 | D:10     | Noticed a fire crab
 11463 | D:10     | Killed a fire crab
 11680 | D:10     | Noticed a deep elf mage
 11685 | D:10     | Killed a deep elf mage
 11686 | D:10     | Reached skill level 13 in Fighting
 11813 | D:10     | Identified Diedwat's Guide on Evil
 11913 | Lair:1   | Entered Level 1 of the Lair of Beasts
 12208 | Lair:1   | Noticed a four-headed hydra
 12254 | Lair:1   | Killed a four-headed hydra
 12752 | Lair:1   | Reached skill level 14 in Fighting
 13042 | Lair:1   | Noticed a seven-headed hydra
 13067 | Lair:1   | Killed a seven-headed hydra
 13098 | Lair:1   | Reached XP level 12. HP: 77/86 MP: 12/12
 13098 | Lair:1   | Noticed a seven-headed hydra
 13148 | Lair:1   | Killed a seven-headed hydra
 14012 | Lair:2   | Learned a level 6 spell: Death Channel
 14253 | Lair:2   | Reached skill level 1 in Necromancy
 14269 | Lair:2   | Found the +5 robe of Misfortune {*Contam Harm *Corrode
                  | *Drain *Slow EV+5}
 14471 | Lair:2   | Reached skill level 15 in Fighting
 14987 | Lair:3   | Found a staircase to the Shoals.
 14999 | Lair:3   | Noticed a catoblepas
 15005 | Lair:3   | Killed a catoblepas
 15207 | Lair:3   | Found a staircase to the Snake Pit.
 15207 | Lair:3   | Noticed Snorg
 15221 | Lair:3   | Slain by Snorg

Illustrated notes

Levels and vault maps discovered:
D:1:      dpeg_arrival_court, layout_basic
D:2:      layout_rooms, pdpol_wu_jian_five_deadly_venoms,
          grunt_gozag_breadcrumbs, minmay_misc_feat_more_columns,
          amcnicky_mini_pool_small
D:3:      layout_loops_cross, marbit_many_paths, lemuel_coloured_pillars_altar,
          feat_on_display, uniq_jessica
D:4:      black_bear_nest_2, layout_basic
D:5:      layout_loops_cross, nicolae_overflow_crystal_walls, kennysheep_mini,
          overflow_temple_1_default, minmay_temple_entry_statues_pillars,
          uniq_crazy_yiuf_cottage
D:6:      layout_loops_ring, kennysheep_mini_moat, xom_butterflies
D:7:      layout_layer_cave, zin_statuary, bh_walls_and_bars
D:8:      layout_loops_cross, david_lair_generic,
          lightli_ossuary_entry_decrepit_ruins
D:9:      layout_roguey, grunt_temple_overflow_bloody_war
D:10:     minmay_blocky_corners, layout_rooms, enter_trove_0, special_room
          [special_room_orc], lemuel_angel_altar
Lair:1:   layout_hall_layers
Lair:2:   layout_chaotic_city, st_stairs_3, grunt_megastairs_3,
          lemuel_fruit_tree, serial_bayou_shore_a
Lair:3:   layout_roguey, elwin_shoals_entry_rocks, guppyfry_snake_entry_garden,
          infiniplex_staircase_pool, uniq_snorg

Skill      XL: |  1  2  3  4  5  6  7  8  9 10 11 12 |
---------------+-------------------------------------+-----
Fighting       | 4 5 6 7 9 11 12 14 15 | 15.1
Maces & Flails | 4 5 6 8 10 11 13 14 | 14.1
Necromancy     | 2 |  2.7
Dodging        | |  2.4
Stealth        | |  2.1

Action                   |  1- 3 |  4- 6 |  7- 9 | 10-12 || total
-------------------------+-------+-------+-------+-------++-------
Melee: Mace              |   130 |   163 |       |       ||   293
       Flail             |       |   101 |   208 |       ||   309
       Morningstar       |       |       |   193 |   541 ||   734
       War axe           |       |       |    16 |       ||    16
Throw: Stone             |       |     1 |       |     1 ||     2
Invok: Lunge             |       |     4 |    22 |    46 ||    72
       Whirlwind         |       |    37 |    49 |    20 ||   106
       Serpent's Lash    |       |       |       |     3 ||     3
 Abil: Wall Jump         |       |     1 |     1 |       ||     2
Evoke: Wand              |       |       |     2 |     6 ||     8
  Use: Potion            |       |       |     1 |     1 ||     2
       Scroll            |       |       |       |    20 ||    20
 Stab: Sleeping          |       |     1 |     1 |     3 ||     5
       Distracted        |       |       |     1 |       ||     1
Armor: Robe              |    24 |       |       |       ||    24
       Leather armour    |    16 |       |       |       ||    16
       Ring mail         |    13 |   130 |   152 |   249 ||   544
Dodge: Dodged            |    96 |   194 |   273 |   449 ||  1012
